General information
- name: grudge04
- type: Custom game
- host: AgentCodyBanks
- saver: AgentCodyBanks
map: TurtleRock
- players: 5
- length: 14:59
- speed: Fast
- version: 1.21 W3XP
- replay type: Public
» download(55 KB)
Players
team 1 (loser)
gREEDoFtHEnOOB (
blue | 75 APM | 1124 actions | 14:58)
4 Archmage
2 Summon Water Elemental
2 Brilliance Aura
3 Mountain King
2 Storm Bolt
1 Thunder Clap
» actions
| Assign group hotkey | 28 | |
| Basic commands | 77 | |
| Build / train | 51 | |
| Enter build submenu | 19 | |
| Enter hero's abilities submenu | 7 | |
| Give item / drop item | 3 | |
| Right click | 423 | |
| Select / deselect | 287 | |
| Select group hotkey | 177 | |
| Use ability | 52 | |
1124 total
» units
| Peasant | 18 | |
| Footman | 9 | |
| Spell Breaker | 4 | |
| Priest | 1 | |
32 total
» upgrades
| Swords | 1 | |
| Lumber Harvesting | 1 | |
2 total
» buildings
| Altar of Kings | 1 | |
| Farm | 8 | |
| Barracks | 1 | |
| Scout Tower | 1 | |
| Arcane Tower | 1 | |
| Keep | 1 | |
| Arcane Vault | 1 | |
| Blacksmith | 1 | |
| Arcane Sanctum | 1 | |
| Lumber Mill | 1 | |
| Castle | 1 | |
18 total
» build order
00:07 Altar of Kings
00:18 Farm
00:22 Farm
00:33 Barracks
01:34 Scout Tower
02:17 Arcane Tower
02:40 Farm
02:56 Farm
03:57 Keep
04:06 Arcane Vault
04:12 Blacksmith
06:01 Farm
06:23 Arcane Sanctum
06:49 Farm
06:51 Farm
07:28 Lumber Mill
09:19 Castle
09:47 Farm
» items
| Scroll of Regeneration | 1 | |
| Scroll of Town Portal | 1 | |
2 total
team 2 (winner)

»
erz (
purple | 133 APM | 1993 actions | 14:59)
6 Mountain King
3 Storm Bolt
3 Thunder Clap
» actions
| Assign group hotkey | 485 | |
| Basic commands | 52 | |
| Build / train | 80 | |
| Enter build submenu | 29 | |
| Enter hero's abilities submenu | 6 | |
| Give item / drop item | 5 | |
| Right click | 737 | |
| Select / deselect | 198 | |
| Select group hotkey | 300 | |
| Use ability | 101 | |
1993 total
» units
| Peasant | 24 | |
| Footman | 11 | |
| Rifleman | 3 | |
| Priest | 2 | |
| Spell Breaker | 1 | |
41 total
» upgrades
| Defend | 1 | |
| Long Rifles | 1 | |
| Priest Training | 1 | |
3 total
» buildings
| Altar of Kings | 1 | |
| Barracks | 2 | |
| Farm | 11 | |
| Arcane Vault | 1 | |
| Scout Tower | 7 | |
| Town Hall | 1 | |
| Lumber Mill | 1 | |
| Arcane Tower | 2 | |
| Keep | 1 | |
| Blacksmith | 1 | |
| Guard Tower | 3 | |
| Arcane Sanctum | 2 | |
33 total
» build order
00:07 Altar of Kings
00:19 Barracks
00:34 Farm
01:04 Farm
01:41 Farm
02:47 Arcane Vault
03:01 Farm
03:43 Farm
04:17 Scout Tower
05:04 Town Hall
05:06 Scout Tower
05:06 Scout Tower
05:18 Lumber Mill
05:31 Arcane Tower
06:12 Arcane Tower
07:16 Barracks
07:21 Keep
07:41 Scout Tower
07:52 Blacksmith
07:54 Scout Tower
07:55 Scout Tower
08:10 Farm
08:12 Farm
08:13 Guard Tower
08:24 Guard Tower
08:26 Guard Tower
08:56 Farm
08:57 Farm
09:47 Arcane Sanctum
09:50 Arcane Sanctum
11:26 Farm
11:26 Farm
» items
| Scroll of Regeneration | 5 | |
| Boots of Speed | 1 | |
| Potion of Invisibility | 3 | |
| Staff of Teleportation | 1 | |
| Potion of Lesser Invulnerability | 4 | |
| Lesser Clarity Potion | 2 | |
| Potion of Mana | 3 | |
| Potion of Healing | 3 | |
| Scroll of Town Portal | 1 | |
23 total
refereesAgentCodyBanks,
Wachepti,
royceroyce2001 Chat log
(00:15 / All) gREEDoFtHEnOOB: i liked how i raped your mk
(00:23 / All) royceroyce2001: and lost the game
(00:27 / All) erz: level 1 mk beats a level 3 mk
(00:30 / All) erz: with better units
(00:31 / All) gREEDoFtHEnOOB: imbalance
(00:38 / All) erz: stormbolt... no balance
(00:41 / Referees) AgentCodyBanks: turk opening up with some poor manner
(00:59 / Referees) AgentCodyBanks: woah w3hp goin crazy
(01:06 / Referees) AgentCodyBanks: healt bars following the screen around
(01:11 / All) erz: yeah i remember it from ladder
(01:25 / All) gREEDoFtHEnOOB: i remember thumbsing that shit down
(02:09 / All) gREEDoFtHEnOOB: damn
(02:13 / All) gREEDoFtHEnOOB: shoulda done one of two things
(02:30 / All) gREEDoFtHEnOOB: 1) let you kill me before your hero was out
(02:33 / All) gREEDoFtHEnOOB: 2) run to the turtle
(03:38 / Referees) royceroyce2001: did erz random?
(03:41 / Referees) Wachepti: yes
(04:01 / Referees) Wachepti: does mk have adv vs. am?
(04:09 / Referees) AgentCodyBanks: id say so
(04:28 / Referees) AgentCodyBanks: sb cancel blizz, + am is quite squishy
(04:35 / Referees) AgentCodyBanks: but thats just my noob opinion
(04:40 / Referees) Wachepti: o snap erz
(04:47 / Referees) royceroyce2001: am speed negated by sb
(05:31 / Referees) Wachepti: that was pretty damn sweet imo
(05:37 / Referees) AgentCodyBanks: havent ever seen runes outside of this map
(05:56 / Referees) royceroyce2001: runes in campaign
(06:17 / Referees) royceroyce2001: turk with 1k gold
(06:21 / Referees) royceroyce2001: nvm
(07:21 / Referees) royceroyce2001: man the dwarf is bigger then a reg footman
(07:26 / Referees) royceroyce2001: those footmen must be small
(07:34 / Referees) AgentCodyBanks: midgets
(07:35 / Referees) Wachepti: hes on steel stilts
(07:37 / Referees) Wachepti: his boots
(07:39 / Referees) royceroyce2001: hobbits
(07:58 / Referees) AgentCodyBanks: footmen frenzy
(08:50 / Referees) AgentCodyBanks: maybe we will get a battle
(09:21 / Referees) Wachepti: erz needs anther fukkin hero
(10:10 / Referees) Wachepti: ahaha
(11:21 / Referees) Wachepti: upgrading w/ no peasants ok
(11:23 / All) gREEDoFtHEnOOB: how embarassing!
(11:32 / All) gREEDoFtHEnOOB: for you i mean
(11:33 / Referees) AgentCodyBanks: hes almost done
(11:37 / Referees) AgentCodyBanks: prob dint want to cancel
(11:38 / All) erz: ;(
(11:38 / All) gREEDoFtHEnOOB: letting that peon live
(11:39 / Referees) AgentCodyBanks: u know how it is brah
(12:05 / Referees) AgentCodyBanks: erz got way more food
(12:46 / Referees) Wachepti: hahaha
(13:45 / Referees) AgentCodyBanks: ooh
(13:46 / Referees) AgentCodyBanks: stealthy
(13:58 / Referees) royceroyce2001: ahahahaha
(14:01 / Referees) AgentCodyBanks: ahahahaha
(14:06 / Referees) AgentCodyBanks: ho shit
(14:14 / Referees) royceroyce2001: ahahaha
(14:14 / Referees) AgentCodyBanks: daytum
(14:16 / Referees) Wachepti: holy crap
(14:26 / Referees) AgentCodyBanks: holy shit erz master play
(14:42 / Referees) royceroyce2001: fukk
(14:42 / All) gREEDoFtHEnOOB: lmao
(14:45 / All) gREEDoFtHEnOOB: how embarassing
(14:46 / Referees) Wachepti: ahahaha
(14:53 / All) gREEDoFtHEnOOB: goon game
(14:55 / Referees) Wachepti: altar going down
(14:57 / All) gREEDoFtHEnOOB: my master